 Dungeon Crawl Stone Soup version 0.22.0-5-gf09313c8f9 (webtiles) character file.

753 fafhrd the Slinger (level 8, -4/54 HPs)
             Began as a Halfling Hunter on Aug 13, 2018.
             Was an Initiate of Makhleb.
             Slain by a howler monkey (5 damage)
             ... on level 5 of the Dungeon.
             The game lasted 00:38:27 (6517 turns).

fafhrd the Slinger (Halfling Hunter)                Turns: 6517, Time: 00:38:27

Health: -4/54      AC:  5    Str: 14    XL:     8   Next: 6%
Magic:  2/2        EV: 21    Int:  9    God:    Makhleb [......]
Gold:   213        SH:  0    Dex: 24    Spells: 7/7 levels left

rFire    . . .     SeeInvis .   b - +2 dagger (antimagic)
rCold    . . .     Gourm    .   (shield restricted)
rNeg     . . .     Faith    .   c - +1 leather armour
rPois    .         Spirit   .   (no helmet)
rElec    .         Reflect  .   (no cloak)
rCorr    .         Harm     .   h - +0 pair of gloves
MR       .....                  (no boots)
Stlth    ++++......             (no amulet)
HPRegen  0.18/turn              d - +3 ring of dexterity
MPRegen  0.08/turn              (no ring)

@: agile, heavily drained
A: small, mutation resistance 1
a: Renounce Religion


You were on level 5 of the Dungeon.
You worshipped Makhleb.
Makhleb was noncommittal.
You were hungry.

You visited 2 branches of the dungeon, and saw 6 of its levels.

You collected 213 gold pieces.

Inventory:

Hand Weapons
 a - a +1 hunting sling
 b - a +2 antimagic dagger (weapon)
Missiles
 e - 150 stones (quivered)
 r - 5 needles of sleeping
 y - 39 sling bullets
Armour
 c - a +1 leather armour (worn)
 h - a +0 pair of gloves (worn)
Jewellery
 d - a +3 ring of dexterity (left hand)
Scrolls
 j - a scroll of remove curse
 m - a scroll of enchant armour
 o - a scroll of magic mapping
 p - 2 scrolls of teleportation
 s - a scroll of immolation {unknown}
 v - a scroll of fear
Potions
 i - a potion of haste {unknown}
 k - 4 potions of curing
 q - a potion of heal wounds {unknown}
 t - a potion of might {unknown}
 u - a potion of brilliance {unknown}
 x - a potion of cancellation
Comestibles
 f - 6 rations


   Skills:
 + Level 3.7(1.9) Fighting
 + Level 4.0(2.2) Short Blades
 + Level 8.0(6.0) Slings
 + Level 4.7(2.8) Dodging
 + Level 4.4(2.6) Stealth


You had 7 spell levels left.
You didn't know any spells.
Your spell library contained the following spells:

 Spells                   Type           Power        Failure   Level  Hunger
 Magic Dart               Conj           #...         45%         1    ##.....
 Iskenderun's Mystic Bla  Conj           #.......     99%         4    #####..
 Stone Arrow              Conj/Erth      #.....       83%         3    ####...
 Passwall                 Tmut/Erth      #.......     61%         2    ###....
 Lee's Rapid Deconstruct  Erth           #.........   100%        5    ######.
 Sandblast                Erth           #.....       45%         1    ##.....
 Petrify                  Tmut/Erth      #.......     99%         4    #####..
 Fulminant Prism          Conj/Hex       #.........   99%         4    #####..
 Dazzling Spray           Conj/Hex       #.....       83%         3    ####...
 Force Lance              Conj/Tloc      #.......     99%         4    #####..
 Searing Ray              Conj           #.....       61%         2    ###....


Dungeon Overview and Level Annotations

Branches:
Dungeon (5/15)             Temple (1/1) D:4

Altars:
Ashenzari
Cheibriados
Dithmenos
Elyvilon
Fedhas
Gozag
Hepliaklqana
Kikubaaqudgha
Makhleb
Nemelex Xobeh
Okawaru
Qazlal
Ru
Uskayaw
Vehumet
Xom
Yredelemnul
Zin
The Shining One

Shops:
D:4 *   D:5 ?

Annotations:
D:5 Edmund


Innate Abilities, Weirdness & Mutations

You are small and have problems with some larger weapons.
You are somewhat resistant to further mutation.


Message History

Edmund hits you with a dire flail of draining.
* * * LOW HITPOINT WARNING * * *
You feel drained.
* * * LOW HITPOINT WARNING * * *
You hit Edmund.
Edmund is severely wounded.
The howler monkey closely misses you.
You closely miss Edmund.
Edmund is severely wounded.
Edmund closely misses you. The howler monkey hits you.
* * * LOW HITPOINT WARNING * * *
You hit Edmund.
Edmund is almost dead.
The howler monkey hits you.
* * * LOW HITPOINT WARNING * * *
Edmund barely misses you.
You hit Edmund.
Edmund is almost dead.
The howler monkey hits you.
You die...

#. #... #.# ##..♣ #.#
...♣ # #.# #..♣# .# #.#
##...♣♣♣..# #.#
#######.........#
##.####.......##.?##..#
.............###..#
#..####.....## #@.#
.>## #######.Oh@.# .##
.....##.## .# $$$# #.#
.# $∩ #.# #### #.# #...
#.# ...# ... .#...


You could see Edmund, an ogre and a howler monkey.

Vanquished Creatures
  A phantom (D:4)
  2 ogres (D:4)
  4 wights
  A crimson imp (D:5)
  A hound (D:4)
  2 orc wizards
  A worker ant (D:4)
  4 gnolls (D:2)
  5 adders
  A worm (D:3)
  6 dart slugs
  2 leopard geckos
  12 orcs
  7 giant cockroaches
  8 goblins
  3 hobgoblins
  8 kobolds
  3 ball pythons
  A ball python skeleton (D:4)
  9 bats
  7 frilled lizards
  8 rats
  A plant (D:3)
97 creatures vanquished.

Notes
Turn   | Place    | Note
-------+----------+-------------------------------------------
     0 | D:1      | fafhrd the Halfling Hunter began the quest for the Orb.
     0 | D:1      | Reached XP level 1. HP: 14/14 MP: 1/1
   106 | D:1      | Reached XP level 2. HP: 16/19 MP: 2/2
   110 | D:1      | Reached skill level 6 in Slings
   379 | D:1      | Reached XP level 3. HP: 22/24 MP: 3/3
   917 | D:2      | Reached skill level 1 in Short Blades
  1308 | D:2      | Reached XP level 4. HP: 29/29 MP: 4/4
  1431 | D:2      | Found a basalt altar of Yredelemnul.
  1695 | D:2      | Reached XP level 5. HP: 21/35 MP: 5/5
  1932 | D:2      | Found a snail-covered altar of Cheibriados.
  2379 | D:3      | Found a sacrificial altar of Ru.
  2381 | D:3      | Found a shadowy altar of Dithmenos.
  2797 | D:3      | Reached XP level 6. HP: 4/41 MP: 6/6
  3300 | D:3      | Reached skill level 7 in Slings
  3939 | D:3      | Found a blossoming altar of Fedhas.
  4629 | D:3      | Reached XP level 7. HP: 28/46 MP: 7/7
  5131 | D:4      | Found a shattered altar of Ashenzari.
  5399 | D:4      | Found Pjaniysuge's Practical Paraphernalia.
  5636 | D:4      | Found a glowing golden altar of the Shining One.
  5767 | D:4      | Found a staircase to the Ecumenical Temple.
  5960 | D:4      | Reached XP level 8. HP: 54/54 MP: 2/8
  6033 | D:4      | Found a glowing silver altar of Zin.
  6181 | Temple   | Entered the Ecumenical Temple
  6323 | Temple   | Became a worshipper of Makhleb the Destroyer
  6349 | D:5      | Entered Level 5 of the Dungeon
  6394 | D:5      | Reached skill level 8 in Slings
  6480 | D:5      | Noticed Edmund
  6497 | D:5      | Found Emishid's Magic Scroll Emporium.
  6516 | D:5      | HP: 1/54 [howler monkey (2)]
  6517 | D:5      | Slain by a howler monkey

Skill      XL: |  1  2  3  4  5  6  7  8 |
---------------+-------------------------+-----
Fighting       | 2 3 |  3.7
Slings         | 6 7 8 |  8.0
Short Blades   | 1 2 3 4 |  4.0
Stealth        | 2 3 4 |  4.4
Dodging        | 3 4 |  4.7

Action                   |  1- 3 |  4- 6 |  7- 9 || total
-------------------------+-------+-------+-------++-------
Melee: Short sword       |    29 |    95 |    21 ||   145
       Rapier            |       |    49 |       ||    49
       Dagger            |       |       |    64 ||    64
 Fire: Hunting sling     |    66 |   137 |    55 ||   258
  Use: Scroll            |     1 |     7 |     5 ||    13
       Potion            |       |       |     1 ||     1
 Stab: Sleeping          |     1 |     1 |     1 ||     3
  Eat: Chunk             |     1 |     7 |     5 ||    13
       Ration            |       |     1 |       ||     1
Armor: Leather armour    |    12 |     9 |    12 ||    33
Dodge: Dodged            |    46 |    74 |    53 ||   173
